 Dungeon Crawl Stone Soup version 0.22-a0-525-gf69a080 (webtiles) character file.

424 galech the Skirmisher (level 6, -1/67 HPs)
             Began as an Ogre Berserker on June 20, 2018.
             Was a Believer of Trog.
             Slain by Edmund
             ... wielding a +2 dire flail of draining
              (11 damage)
             ... on level 3 of the Dungeon.
             The game lasted 00:03:43 (2691 turns).

galech the Skirmisher (Ogre Berserker)              Turns: 2691, Time: 00:03:45

Health: -1/67      AC:  4    Str: 24    XL:     6   Next: 96%
Magic:  6/6        EV: 10    Int:  8    God:    Trog [**....]
Gold:   228        SH:  0    Dex:  8    Spells: 5/5 levels left

rFire    . . .     SeeInvis .   a - +0 mace
rCold    . . .     Gourm    .   (no shield)
rNeg     . . .     Faith    .   b - +0 animal skin
rPois    .         Spirit   .   (helmet restricted)
rElec    .         Reflect  .   m - +0 cloak
rCorr    .         Harm     .   (gloves unavailable)
MR       ++...                  (boots unavailable)
Stlth    +.........             (no amulet)
HPRegen  1.21/turn              (no ring)
MPRegen  0.10/turn              (no ring)

@: berserk cooldown, regenerating, slowed, heavily drained, very slow
A: large, unfitting armour, tough skin 1
a: Berserk, Trog's Hand, Renounce Religion


You were on level 3 of the Dungeon.
You worshipped Trog.
Trog was pleased with you.
You were not hungry.

You visited 1 branch of the dungeon, and saw 4 of its levels.

You collected 228 gold pieces.

Inventory:

Hand Weapons
 a - a +0 mace (weapon)
Armour
 b - a +0 animal skin (worn)
 m - a +0 cloak (worn)
Jewellery
 p - an uncursed ring of protection from magic {unknown}
Wands
 i - a wand of iceblast (4)
Scrolls
 e - 5 scrolls of identify {unknown}
 f - a scroll of remove curse {unknown}
 g - 3 scrolls of random uselessness {unknown}
 h - 3 scrolls of teleportation {unknown}
 k - a scroll of blinking {unknown}
 o - a scroll of noise {unknown}
Potions
 l - a potion of ambrosia {unknown}
 n - 4 potions of degeneration {unknown}
Comestibles
 c - 6 rations


   Skills:
 + Level 6.1(4.8) Fighting
 + Level 5.1(3.9) Maces & Flails
 + Level 3.9(2.7) Dodging
 + Level 0.9(0.0) Stealth


You had 5 spell levels left.
You didn't know any spells.
Your spell library was empty.

Dungeon Overview and Level Annotations

Branches:
Dungeon (4/15)
 Temple: D:4-7

Altars:
Gozag
Ru

Annotations:
D:3 Edmund
D:4 Robin


Innate Abilities, Weirdness & Mutations

You are too large for most types of armour.
You have tough skin. (AC +1)


Message History

Edmund closely misses you. The hobgoblin hits you with a club.
The goblin completely misses you. The goblin barely misses you.
Robin hits you from afar with a spear.
You climb upwards.
There is a stone staircase leading down here.
Okay, then.
Your skin crawls.
You feel resistant to hostile enchantments.
You feel somewhat more hungry. The goblin misses you.
Edmund hits you with a dire flail of draining!
* * * LOW HITPOINT WARNING * * *
You feel drained.
* * * LOW HITPOINT WARNING * * *
The hobgoblin misses you. The goblin hits you but does no damage.
The goblin hits you.
* * * LOW HITPOINT WARNING * * *
The goblin hits you but does no damage.
You barely miss the goblin. The goblin barely misses you.
Edmund hits you with a dire flail of draining!
You die...

#.##...)###.#######.
#.##.##))#.##.......
#.##.##.#.###.#####.
#.......#.###.# #.
#......##.....# #.
#.##.#.######## #.
#.##.#.######### #.
#.#@g#.##......# ##
#.#@##.##......#
#.ggg..##......# ##
#...#####......# #.
#...# #......# #.
##.## #......# #.
#.# #......## #. #.#
#.......###. #.#
#.##........ ## #.#
#.##.#####..


You could see Edmund, a hobgoblin and 3 goblins.

Vanquished Creatures
  Sigmund (D:2)
  A hound (D:3)
  Crazy Yiuf (D:2)
  A centaur skeleton (D:4)
  Terence (D:2)
  2 orc wizards
  3 adders
  An ooze (D:3)
  2 dart slugs (D:1)
  A leopard gecko (D:3)
  4 orcs (D:3)
  2 giant cockroaches
  14 goblins
  9 hobgoblins
  9 kobolds
  2 quokkas
  2 ball pythons
  3 bats (D:1)
  5 frilled lizards
  4 rats
68 creatures vanquished.

Notes
Turn   | Place    | Note
-------+----------+-------------------------------------------
     0 | D:1      | galech the Ogre Berserker began the quest for the Orb.
     0 | D:1      | Reached XP level 1. HP: 24/24 MP: 1/1
   149 | D:1      | Reached XP level 2. HP: 31/32 MP: 2/2
   382 | D:1      | Reached XP level 3. HP: 29/40 MP: 3/3
   707 | D:2      | Found an opulent altar of Gozag.
   750 | D:2      | Reached ** piety under Trog
   886 | D:2      | Found a sacrificial altar of Ru.
   901 | D:2      | Reached XP level 4. HP: 35/49 MP: 4/4
  1209 | D:2      | Found a runed door.
  1213 | D:2      | Noticed Crazy Yiuf
  1219 | D:2      | Killed Crazy Yiuf
  1219 | D:2      | Reached skill level 5 in Fighting
  1280 | D:2      | Noticed Sigmund
  1294 | D:2      | Killed Sigmund
  1294 | D:2      | Reached XP level 5. HP: 55/57 MP: 5/5
  1294 | D:2      | Reached XP level 6. HP: 64/66 MP: 6/6
  1328 | D:2      | Noticed Terence
  1336 | D:2      | Killed Terence
  1634 | D:3      | Found a sacrificial altar of Ru.
  1842 | D:3      | Reached skill level 5 in Maces & Flails
  2412 | D:4      | Reached skill level 6 in Fighting
  2638 | D:4      | Noticed Robin
  2639 | D:4      | Noticed Edmund
  2691 | D:3      | Slain by Edmund

Vault maps used:
D:1:      lightli_arrival_boilingwater, minmay_pentomino_x4
D:2:      nicolae_gozag_seed_capital, nicolae_ru_great_annihilating_truth,
          uniq_terence, uniq_sigmund, uniq_crazy_yiuf_cottage
D:3:      lemuel_doored_altar, grunt_ministairs_6
D:4:      first_ration, minmay_misc_feat_diagonals, uniq_robin, uniq_edmund,
          uniq_duvessa

Skill      XL: |  1  2  3  4  5  6 |
---------------+-------------------+-----
Maces & Flails | 3 4 5 |  5.1
Dodging        | 3 |  3.9
Fighting       | 5 6 |  6.1
Stealth        | |  0.9

Action                   |  1- 3 |  4- 6 || total
-------------------------+-------+-------++-------
Melee: Mace              |    93 |   134 ||   227
Invok: Berserk           |     2 |     4 ||     6
       Trog's Hand       |       |     3 ||     3
  Use: Potion            |       |     2 ||     2
 Stab: Paralysed         |     1 |       ||     1
  Eat: Chunk             |     1 |     9 ||    10
       Ration            |       |     1 ||     1
Armor: Animal skin       |    19 |    50 ||    69
Dodge: Dodged            |    67 |   110 ||   177

Table legend:
 A = Spawn XP
 B = Non-spawn XP
 C = Spawn XP percentage of total XP
 D = Spawn monster count
 E = Non-spawn monster count
 F = Spawn count percentage of total count
 G = Total turns spent on level
                    A         B        C        D         E        F      G
               +---------+---------+-------+---------+---------+-------+---------
         Total |       0 |     607 |   0.0 |       0 |      68 |   0.0 |  2691
               +---------+---------+-------+---------+---------+-------+---------
           D:1 |       0 |      49 |   0.0 |       0 |      27 |   0.0 |   668
           D:2 |       0 |     364 |   0.0 |       0 |      14 |   0.0 |   863
           D:3 |       0 |     130 |   0.0 |       0 |      19 |   0.0 |   850
           D:4 |       0 |      64 |   0.0 |       0 |       8 |   0.0 |   310
               +---------+---------+-------+---------+---------+-------+---------
